 Dungeon Crawl Stone Soup version 0.30.1-9-gdf580d7c3d (webtiles) character file.

Game seed: 5201644294777711996

169 monsoonserge the Gusty (level 5, -7/28 HPs)
             Began as a Tengu Air Elementalist on Oct 17, 2023.
             Mangled by an orc
             ... wielding a +0 war axe
              (8 damage)
             ... on level 3 of the Dungeon.
             The game lasted 00:08:57 (3017 turns).

monsoonserge the Gusty (Tengu Air Elementalist)     Turns: 3017, Time: 00:08:57

Health: -7/28      AC:  3    Str:  8    XL:     5   Next: 50%
Magic:  6/10       EV: 14    Int: 18    God:
Gold:   125        SH:  5    Dex: 14    Spells: 2/10 levels left

rFire   . . .        u - +1 flail (holy)
rCold   . . .        (no shield)
rNeg    . . .        z - +0 leather armour
rPois   .            (helmet restricted)
rElec   .            (no cloak)
rCorr   .            (no gloves)
SInv    .            (boots unavailable)
Will    .....        q - amulet of reflection
Stlth   ++           (no ring)
HPRegen 0.24/turn    (no ring)
MPRegen 0.12/turn

%: reflection
@: swift, flying quickly and evasively, very quick
A: beak, talons 3, nimble flight
a: no special abilities


You were on level 3 of the Dungeon.
You visited 1 branch of the dungeon, and saw 4 of its levels.

You collected 125 gold pieces.

Inventory:

Hand Weapons
 c - a +0 rapier
 u - a +1 flail of holy wrath (weapon)
Missiles
 l - 4 poisoned darts (quivered)
 x - 2 silver boomerangs
 y - 3 boomerangs
Armour
 a - a +0 robe
 e - a +0 ring mail
 t - a +0 scale mail
 z - a +0 leather armour (worn)
Magical Staves
 v - a staff of earth
Jewellery
 m - an amulet of faith
 q - an amulet of reflection (around neck)
Wands
 j - a wand of iceblast (10)
 s - a wand of mindburst (19)
Scrolls
 d - 2 scrolls of fog {unknown}
 f - 6 scrolls of identify {unknown}
 i - a scroll of silence {unknown}
 n - 3 scrolls of fear {unknown}
 o - a scroll of amnesia {unknown}
 w - a scroll of brand weapon {unknown}
Potions
 b - a potion of magic
 g - 3 potions of curing {unknown}
 h - a potion of flight {unknown}
 k - a potion of attraction {unknown}
 p - a potion of cancellation {unknown}
 r - a potion of heal wounds {unknown}


   Skills:
 + Level 2.4 Dodging
 - Level 2.0 Stealth
 + Level 3.2 Spellcasting
 + Level 2.9 Conjurations
 * Level 6.2 Air Magic


You had 2 spell levels left.
You knew the following spells:

 Your Spells              Type           Power      Damage    Failure   Level
a - Shock                 Conj/Air       76%        1d7       3%          1
b - Airstrike             Air            12%        2d(2-18)  19%         4
c - Swiftness             Air            25%        N/A       5%          3

Your spell library contained the following spells:

 Spells                   Type           Power      Damage    Failure   Level
 Static Discharge         Conj/Air       38%        2-4/arc   5%          2
 Slow                     Hex            8%         N/A       24%         1
 Confusing Touch          Hex            2%         N/A       56%         3
 Vampiric Draining        Necr           2%         2d6       56%         3
 Summon Forest            Summ/Tloc      1%         N/A       100%        5
 Summon Mana Viper        Hex/Summ       2%         N/A       100%        5
 Summon Cactus Giant      Summ           1%         N/A       100%        6


Dungeon Overview and Level Annotations

Branches:
Dungeon (4/15)
 Temple: D:4-7

Altars:
Trog

Shops:
D:3 :


Innate Abilities, Weirdness & Mutations

You have a beak for a mouth.
You have claws for feet.
Your magical nature lets you fly swiftly and evasively.


Message History

You block the hobgoblin's attack.
Casting: Shock (safe; 3% risk of failure)
Confirm with . or Enter, or press ? or * to list all spells.
Aiming: Shock (safe; 3% risk of failure)
Press: ? - help, Shift-Dir - straight line, f/p - hobgoblin
Aim: a hobgoblin (severely wounded, 71% to hit)
The zap hits the hobgoblin!
You kill the hobgoblin!
Unknown command.
You see here a hobgoblin corpse.
You see here a +0 club.
Things that are here:
a +0 leather armour; a +0 club You start resting.
Magic restored.
There is a stone staircase leading down here.
You fly downwards.
The iguana closely misses you.
The orc priest hits you from afar with a +0 trident.
The orc hits you with a +0 war axe. The orc hits you with a +0 war axe!
The orc priest closely misses you. The iguana misses you.
There is a stone staircase leading up, spattered with blood here.
Casting: Shock (safe; 3% risk of failure)
Confirm with . or Enter, or press ? or * to list all spells.
Aiming: Shock (safe; 3% risk of failure)
Press: ? - help, Shift-Dir - straight line, f - orc priest
Aim: an orc priest, wielding a +0 trident (71% to hit)
The zap misses the iguana.
The zap misses the orc priest.
The orc priest hits you from afar with a +0 trident.
* * * LOW HITPOINT WARNING * * *
You block the orc's attack. The iguana closely misses you.
The orc priest barely misses you. The orc closely misses you.
The iguana bites you!
* * * LOW HITPOINT WARNING * * *
You fly upwards.
There is a stone staircase leading down here.
Casting: Shock (safe; 3% risk of failure)
Confirm with . or Enter, or press ? or * to list all spells.
The spell is quite dangerous to miscast (5% risk of failure)!
Continue anyway?
You feel quick. The orc hits you with a +0 war axe!
You die...

.# #.#.# #......#
.######.#.########.##.#.#
........................#
...####........###.##..## .#..#
#......#.# #.###.##
.##.###.#......###.# #..#
..#..#....##....##.# ##.#
..##....#.##..#l##†# #.#
......).#.###..o@.)####.####
#.).......###....[.#.......#
........#......<...#.......#
.#####.##..........#.......######
.# ##.##........................
## ##<.............#.......##..##
# #..###..........#.......##....
# #.#.....)......##.......#[)..#
####>#.#..........##.......#..)##


You could see an iguana and an orc.

Vanquished Creatures
  An orc priest (D:3)
  An orc wizard (D:3)
  5 adders
  A dart slug (D:2)
  13 orcs
  3 ball pythons
  3 endoplasms
  4 giant cockroaches
  3 goblins
  3 hobgoblins
  2 jackals (D:1)
  5 kobolds
  4 frilled lizards
  4 rats
52 creatures vanquished.

Notes
Turn   | Place    | Note
-------+----------+-------------------------------------------
     0 | D:1      | monsoonserge the Tengu Air Elementalist began the quest for
                  | the Orb.
     0 | D:1      | Reached XP level 1. HP: 10/10 MP: 4/4
   379 | D:1      | Reached XP level 2. HP: 14/15 MP: 3/6
  1570 | D:2      | Reached XP level 3. HP: 19/19 MP: 0/7
  1774 | D:2      | Reached skill level 5 in Air Magic
  2123 | D:3      | Reached XP level 4. HP: 24/24 MP: 5/9
  2134 | D:2      | Learned a level 4 spell: Airstrike
  2414 | D:3      | Learned a level 3 spell: Swiftness
  2475 | D:3      | Gained mutation: Your magical nature lets you fly swiftly
                  | and evasively. [Tengu growth]
  2475 | D:3      | Reached XP level 5. HP: 28/28 MP: 7/10
  2577 | D:3      | Reached skill level 6 in Air Magic
  2578 | D:3      | Found a bloodstained altar of Trog.
  2818 | D:3      | Found Sucwok's Book Boutique.
  3015 | D:4      | HP: 1/28 [iguana (8)]
  3017 | D:3      | Mangled by an orc

Illustrated notes

Levels and vault maps discovered:
D:1:      scummos_arrival_hexagon, layout_basic
D:2:      layout_basic
D:3:      layout_rooms, trog_three_pillars_becter, serial_shops,
          nicolae_shop_just_a_little_nook
D:4:      layout_basic, sigmund_army

Skill      XL: |  1  2  3  4  5 |
---------------+----------------+-----
Air Magic      | 5 6 |  6.2
Conjurations   | 2 |  2.9
Spellcasting   | 3 |  3.2
Dodging        | |  2.4
Stealth        | |  2.0

Action                     |  1- 3 |  4- 6 || total
---------------------------+-------+-------++-------
  Melee: Rapier            |     4 |       ||     4
         Kick              |     2 |       ||     2
         Peck              |     1 |     1 ||     2
         Flail             |       |     4 ||     4
   Cast: Shock             |    70 |    48 ||   118
         Swiftness         |       |     1 ||     1
 Armour: Robe              |     4 |       ||     4
         Leather armour    |       |     3 ||     3
  Dodge: Dodged            |    15 |    12 ||    27
  Block: Other             |     1 |     6 ||     7
